 Dungeon Crawl Stone Soup version 0.24.0-13-gcf9b319 (webtiles) character file.

Game seed: 12473433349357262377, levelgen mode: deterministic

5667 Boetheseconed the Spear-Bearer (level 10, -1/90 HPs)
             Began as a Hill Orc Monk on Nov 27, 2019.
             Succumbed to a killer bee's poison
             ... on level 8 of the Dungeon.
             The game lasted 00:39:52 (8995 turns).

Boetheseconed the Spear-Bearer (Hill Orc Monk)      Turns: 8995, Time: 00:39:53

Health: -1/90      AC: 14    Str: 20    XL:     10   Next: 75%
Magic:  10/10      EV: 10    Int: 10    God:
Gold:   487        SH:  0    Dex: 15    Spells: 9/9 levels left

rFire    . . .     SeeInvis .   H - +0 halberd
rCold    . . .     Gourm    .   (shield currently unavailable)
rNeg     . . .     Faith    .   v - +0 plate armour
rPois    .         Spirit   .   (no helmet)
rElec    .         Reflect  .   (no cloak)
rCorr    .         Harm     .   (no gloves)
MR       .....                  h - +0 pair of boots
Stlth    ..........             (no amulet)
HPRegen  0.25/turn              k - +2 ring of evasion
MPRegen  0.12/turn              l - +4 ring of strength

@: lethally poisoned (-1 -> -8), berserk cooldown, slowed, very slow
A: mutation resistance 1
a: no special abilities


You were on level 8 of the Dungeon.
You were hungry.

You visited 2 branches of the dungeon, and saw 9 of its levels.
You also visited: Ossuary.

You collected 487 gold pieces.

Inventory:

Hand Weapons
 a - a +0 spear
 w - a +0 trident
 B - the +8 mace of the Hidden Demons {drain, *Corrode rPois MR+++ Int+3}
   (You found it on level 4 of the Dungeon)

   A truly terrible weapon, it drains the life of those it strikes.
   It affects your intelligence (+3).
   It protects you from poison.
   It affects your resistance to hostile enchantments.
   It may corrode you when you take damage.
 F - a +0 shortbow
 H - a +0 halberd (weapon)
Missiles
 G - 137 arrows
 Q - 3 boomerangs (quivered)
Armour
 b - a +0 robe
 h - a +0 pair of boots (worn)
 t - a +0 scale mail
 v - a +0 plate armour (worn)
 x - a +0 chain mail
 K - a +0 shield
Magical Staves
 P - an uncursed staff of air {unknown}
Jewellery
 k - a +2 ring of evasion (left hand)
 l - a +4 ring of strength (right hand)
 m - an uncursed ring of positive energy
 u - an uncursed ring of flight
 y - an uncursed ring of ice
Wands
 C - a wand of polymorph (10)
Scrolls
 g - 12 scrolls of remove curse
 i - 3 scrolls of noise {unknown}
 j - 6 scrolls of teleportation
 o - a scroll of enchant armour {unknown}
 p - 3 scrolls of blinking {unknown}
 q - 2 scrolls of immolation {unknown}
 s - 3 scrolls of magic mapping {unknown}
 A - 2 scrolls of identify
 D - a scroll of fog {unknown}
 E - a scroll of amnesia {unknown}
 I - a scroll of fear {unknown}
 M - 7 scrolls of random uselessness
Potions
 e - 3 potions of haste
 f - 3 potions of curing
 n - a potion of agility
 r - 2 potions of flight
 L - a potion of cancellation {unknown}
 N - 8 potions of degeneration
 O - a potion of lignification {unknown}
Comestibles
 c - 11 rations
 d - a chunk of flesh


   Skills:
 + Level 8.9 Fighting
 + Level 2.9 Maces & Flails
 + Level 12.6 Polearms
 + Level 0.5 Bows
 + Level 7.4 Armour
 + Level 3.5 Dodging
 + Level 2.3 Stealth


You had 9 spell levels left.
You didn't know any spells.
Your spell library was empty.

Dungeon Overview and Level Annotations

Branches:
Dungeon (8/15)             Temple (1/1) D:6         Ossuary (visited)
   Lair: D:8-11

Altars:
Ashenzari
Cheibriados
Dithmenos
Elyvilon
Fedhas
Gozag
Kikubaaqudgha
Makhleb
Nemelex Xobeh
Okawaru
Qazlal
Ru
Sif Muna
Trog
Uskayaw
Vehumet
Xom
Zin
The Shining One

Shops:
D:4 [


Innate Abilities, Weirdness & Mutations

You are somewhat resistant to further mutation.


Message History

* * * LOW HITPOINT WARNING * * *
You feel sick.
You are no longer berserk.
You are exhausted.
You feel yourself slow down.
* * * LOW HITPOINT WARNING * * *
You feel sick.
* * * LOW HITPOINT WARNING * * *
You feel very sick.
* * * LOW HITPOINT WARNING * * *
You feel very sick.
* * * LOW HITPOINT WARNING * * *
You feel sick.
* * * LOW HITPOINT WARNING * * *
You feel sick.
* * * LOW HITPOINT WARNING * * *
You feel sick.
* * * LOW HITPOINT WARNING * * *
You feel sick.
You die...

####.######
#.....#...
...
#.†...#..#
'###
##........#
#...#......
#...##.####
#.........#
#....#.##.#
#....# .. .
#@#....##.#
#.##......#
#.# #.....
#.. ...##
### .#.# .#


There were no monsters in sight!

Vanquished Creatures
  A two-headed ogre (D:8)
  Pikel (D:5)
  An ugly thing (D:8)
  2 hippogriffs
  A wyvern (D:8)
  Edmund (D:6)
  3 sky beasts
  An orc warrior (D:6)
  A phantom (D:4)
  A black bear (D:6)
  2 ice beasts
  7 ogres
  4 centaurs
  Blork the orc (D:5)
  2 bullfrogs (D:6)
  A scorpion (D:7)
  6 killer bees (D:8)
  5 wights (D:6)
  2 howler monkeys (D:7)
  5 crimson imps
  2 centaur zombies (Ossuary)
  A bullfrog skeleton (D:4)
  3 hounds
  A gnoll shaman (D:5)
  4 orc wizards
  6 worker ants
  2 iguanas (D:6)
  A big kobold zombie (Ossuary)
  2 hound skeletons (D:4)
  6 mummies (Ossuary)
  11 gnolls
  A worker ant zombie (D:6)
  5 adders
  2 shadow imps (D:5)
  An adder zombie (D:7)
  8 leopard geckos
  31 orcs
  9 bats
  8 giant cockroaches
  10 hobgoblins
  15 jackals
  4 quokkas
  2 ball pythons
  6 frilled lizards
  2 gnoll zombies (Ossuary)
  10 goblins
  A hobgoblin zombie (Ossuary)
  A jackal zombie (D:6)
  12 kobolds
  2 kobold zombies (Ossuary)
  A quokka skeleton (D:4)
  4 rats
222 creatures vanquished.

Vanquished Creatures (others)
  2 adders (D:5)
2 creatures vanquished.

Grand Total: 224 creatures vanquished

Notes
Turn   | Place    | Note
-------+----------+-------------------------------------------
     0 | D:1      | Boetheseconed the Hill Orc Monk began the quest for the
                  | Orb.
     0 | D:1      | Reached XP level 1. HP: 19/19 MP: 1/1
   342 | D:1      | Reached XP level 2. HP: 8/27 MP: 2/2
  1079 | D:1      | Reached XP level 3. HP: 23/33 MP: 3/3
  1525 | D:1      | Reached skill level 4 in Polearms
  1800 | D:2      | Found a sacrificial altar of Ru.
  2491 | D:2      | Reached XP level 4. HP: 34/40 MP: 4/4
  3162 | D:3      | Found a shimmering altar of Xom.
  3173 | D:3      | Found a snail-covered altar of Cheibriados.
  3260 | D:3      | Reached XP level 5. HP: 43/46 MP: 5/5
  3382 | D:4      | Reached skill level 5 in Polearms
  3382 | D:4      | Reached skill level 1 in Armour
  3604 | D:4      | Noticed an ogre
  3618 | D:4      | Killed an ogre
  3618 | D:4      | Reached XP level 6. HP: 10/53 MP: 6/6
  3954 | D:4      | Reached skill level 6 in Polearms
  3957 | D:4      | Reached XP level 7. HP: 24/60 MP: 7/7
  4068 | D:4      | Got a jewelled mace
  4069 | D:4      | Identified the +8 mace of the Hidden Demons {drain,
                  | *Corrode rPois MR+++ Int+3} (You found it on level 4 of the
                  | Dungeon)
  4073 | D:4      | Noticed a hippogriff
  4088 | D:4      | Killed a hippogriff
  4088 | D:4      | Reached skill level 5 in Fighting
  4088 | D:4      | Reached skill level 7 in Polearms
  4639 | D:4      | Found Caloan's Antique Armour Shop.
  4669 | D:5      | Entered Level 5 of the Dungeon
  4691 | D:5      | Reached XP level 8. HP: 66/68 MP: 8/8
  4757 | D:5      | Reached skill level 8 in Polearms
  5318 | D:5      | Reached skill level 9 in Polearms
  5326 | D:5      | Reached skill level 1 in Maces & Flails
  5453 | D:5      | Noticed Pikel
  5456 | D:5      | Reached skill level 5 in Armour
  5466 | D:5      | HP: 1/71 [slave[Pikel] (3)]
  5467 | D:5      | Killed Pikel
  5467 | D:5      | Reached XP level 9. HP: 2/78 MP: 9/9
  5905 | D:5      | Found a glowing silver altar of Zin.
  5999 | D:5      | Noticed Blork the orc
  6008 | D:5      | Killed Blork the orc
  6328 | D:6      | Reached skill level 10 in Polearms
  6442 | D:6      | Found a sand-covered staircase.
  6452 | Ossuary  | Entered an ossuary
  6816 | D:6      | Noticed Edmund
  6827 | D:6      | Killed Edmund
  6962 | D:6      | Reached skill level 11 in Polearms
  6966 | D:6      | Reached XP level 10. HP: 23/88 MP: 10/10
  7006 | D:6      | Gained mutation: You are somewhat resistant to further
                  | mutation. [potion of mutation]
  7350 | D:6      | Found an iron altar of Okawaru.
  7431 | D:6      | Found a sparkling altar of Nemelex Xobeh.
  7550 | D:6      | Found a staircase to the Ecumenical Temple.
  7560 | Temple   | Entered the Ecumenical Temple
  8133 | D:7      | Found an opulent altar of Gozag.
  8177 | D:7      | Found a blossoming altar of Fedhas.
  8325 | D:7      | Found a shadowy altar of Dithmenos.
  8328 | D:7      | Found a white marble altar of Elyvilon.
  8331 | D:7      | Found a stormy altar of Qazlal.
  8575 | D:8      | Noticed a two-headed ogre
  8584 | D:8      | Killed a two-headed ogre
  8584 | D:8      | Reached skill level 12 in Polearms
  8915 | D:8      | Noticed a cyan ugly thing
  8926 | D:8      | Killed a cyan ugly thing
  8970 | D:8      | HP: 4/90 [killer bee (4)]
  8991 | D:8      | HP: 4/90 [poisoned by a killer bee]
  8993 | D:8      | HP: 1/90 [poisoned by a killer bee]
  8995 | D:8      | Succumbed to a killer bee's poison

Levels and vault maps discovered:
D:1:      dpeg_arrival_morbid_curiosity, layout_basic, serial_bayou_ford_a,
          dk_noncrumbling_2
D:2:      layout_basic, lemuel_crystal_altar, first_ration,
          minmay_goblin_kobold_house
D:3:      layout_rooms, amethyst_overflow_temple_binary, minmay_distorted
D:4:      kennysheep_six_static_rooms, layout_basic, serial_shops, shop
D:5:      layout_basic, lemuel_doored_altar, uniq_blork_the_orc, uniq_pikel
D:6:      layout_rooms, nemelex_altar_shiori, lemuel_temple_firewalk_b,
          lightli_ossuary_entry_decrepit_ruins, kennysheep_okawaru_gauntlet,
          uniq_edmund
D:7:      layout_cave_pools, nicolae_overflow_hidden_temple,
          nicolae_overflow_crystal_walls, fedhas_bush_and_centaur_altar,
          grunt_temple_overflow_diamond
D:8:      lemuel_insect_pit, layout_loops_cross, david_lair_shrubbed
Temple:   chequers_temple_sunken

Skill      XL: |  1  2  3  4  5  6  7  8  9 10 |
---------------+-------------------------------+-----
Polearms       | 4 5 6 7 9 11 12 | 12.6
Stealth        | 2 |  2.3
Fighting       | 4 5 6 8 |  8.9
Dodging        | 3 |  3.5
Armour         | 1 3 4 5 6 7 |  7.4
Maces & Flails | 2 |  2.9
Bows           | |  0.5

Action                   |  1- 3 |  4- 6 |  7- 9 | 10-12 || total
-------------------------+-------+-------+-------+-------++-------
Melee: Spear             |   200 |    25 |       |       ||   225
       Trident           |       |   139 |   151 |       ||   290
       Halberd           |       |       |   233 |   158 ||   391
       Mace              |       |       |    20 |       ||    20
 Fire: Shortbow          |       |       |     4 |       ||     4
  Use: Scroll            |       |       |     2 |     6 ||     8
       Potion            |       |       |     5 |     4 ||     9
 Stab: Sleeping          |     7 |     1 |       |       ||     8
  Eat: Chunk             |     5 |     5 |     9 |     4 ||    23
       Ration            |       |       |       |     1 ||     1
Armor: Robe              |    29 |    11 |       |       ||    40
       Scale mail        |       |    30 |       |       ||    30
       Chain mail        |       |    38 |    30 |       ||    68
       Plate armour      |       |       |   199 |   131 ||   330
Dodge: Dodged            |   134 |   117 |   202 |   135 ||   588
